Map: Ruins of Endion

Players

Terranouta

  • Race: Terran Terran
  • League: Master

Miszu - Winner!

  • Race: Terran Terran
  • League: Grandmaster

VOD

Have the link to the VOD?

Description

Time

  • Played on: May 28, 2016, 3:37 p.m.
  • Length: 8:13
Show
View Real Time Build Order
Export as new Build Order

Terranouta Terran 

Build Orders: Reaper Expand 

Get SALT Encoding   

  12  0:01  SCV  
  13  0:13  SCV  
  14  0:18  Supply Depot  
  14  0:25  SCV  
  15  0:40  SCV  
  16  0:43  Barracks  
  16  0:48  Refinery  
  16  0:52  SCV  
  17  1:04  SCV  
  18  1:16  SCV  
  19  1:29  Orbital Command  
  19  1:32  Reaper  
  20  1:47  Command Center  
  20  1:56  SCV  
  20  1:57  Supply Depot  
  21  2:03  Marine  
  22  2:12  SCV  
  22  2:14  Bunker  
  23  2:21  Factory, Marine  
  24  2:27  SCV  
  25  2:39  Marine, SCV  
  27  2:51  Refinery, SCV  
  27  2:57  Marine  
  29  2:59  Orbital Command  
  29  3:04  SCV  
  29  3:05  Starport  
  30  3:06  Hellion  
  32  3:16  Marine, SCV  
  34  3:25  Engineering Bay  
  35  3:27  SCV  
  35  3:28  SCV  
  35  3:32  Hellion  
  38  3:34  Marine  
  38  3:39  SCV  
  38  3:40  SCV  
  41  3:42  Viking  
  41  3:48  Supply Depot  
  43  3:51  SCV  
  43  3:52  SCV  
  45  4:03  SCV  
  45  4:06  Supply Depot, SCV  
  45  4:09  Hellion  
  46  4:15  SCV  
  41  4:18  SCV  
  39  4:26  Supply Depot  
  39  4:33  Hellion  
  39  4:35  SCV x2  
  42  4:47  SCV  
  42  4:48  Barracks Reactor, SCV  
  42  4:49  Viking  
  46  4:59  Factory Tech Lab  
  47  5:00  SCV  
  47  5:03  SCV  
  48  5:12  SCV  
  49  5:15  SCV  
  49  5:16  Missile Turret  
  49  5:20  Missile Turret  
  47  5:24  SCV  
  47  5:27  SCV  
  47  5:30  Marine x2  
  45  5:36  SCV  
  45  5:39  SCV  
  45  5:41  Siege Tank  
  50  5:48  SCV  
  51  5:50  Missile Turret  
  51  5:53  SCV  
  51  5:55  Missile Turret  
  52  6:00  Barracks  
  52  6:01  SCV  
  52  6:02  Marine x2  
  52  6:03  Barracks  
  55  6:05  SCV  
  56  6:11  Starport Reactor  
  56  6:13  SCV  
  56  6:15  Siege Tank  
  56  6:18  SCV  
  59  6:25  SCV  
  59  6:30  SCV  
  59  6:38  SCV  
  59  6:39  Marine x2  
  61  6:42  SCV  
  62  6:47  Barracks  
  62  6:48  Barracks  
  62  6:50  SCV  
  62  6:53  Medivac  
  65  6:54  SCV  
  65  6:55  Medivac  
  65  6:59  Barracks Tech Lab x2  
  68  7:02  SCV  
  68  7:07  SCV  
  69  7:14  SCV  
  67  7:19  SCV  
  67  7:26  SCV  
  67  7:27  Refinery  
  67  7:29  Marine x2, Refinery  
  70  7:34  Supply Depot  
  70  7:36  Supply Depot  
  70  7:44  Barracks Reactor x2  
  70  7:49  Supply Depot  
  70  7:50  Supply Depot x2  
  70  7:55  SCV x2  
Show
View Real Time Build Order
Export as new Build Order

Miszu Terran - Winner!

Build Orders: 1/1/1, MMM Bio, Banshee Rush 

Get SALT Encoding   

  12  0:01  SCV  
  13  0:13  SCV  
  14  0:18  Supply Depot  
  14  0:26  SCV  
  15  0:36  Refinery  
  15  0:40  SCV  
  16  0:49  Barracks  
  16  0:52  SCV  
  17  1:04  SCV  
  18  1:13  Refinery  
  18  1:16  SCV  
  19  1:28  SCV  
  20  1:39  Factory  
  20  1:40  Orbital Command  
  20  1:48  Reaper  
  20  1:52  Supply Depot  
  21  2:06  SCV  
  22  2:18  SCV  
  22  2:21  Reaper  
  24  2:24  Starport  
  24  2:29  Hellion  
  26  2:30  SCV  
  26  2:33  Supply Depot  
  27  2:42  SCV  
  28  2:52  Hellion  
  28  2:53  Reaper  
  28  2:54  SCV  
  32  3:01  Medivac  
  34  3:13  Hellion, Command Center  
  36  3:25  Supply Depot  
  36  3:26  Barracks Tech Lab  
  36  3:39  Factory Tech Lab, SCV  
  37  3:54  Barracks Reactor  
  37  3:55  SCV  
  37  3:56  Cloaking Field  
  37  3:57  Banshee  
  37  4:24  SCV  
  38  4:31  Marine x2  
  38  4:32  Siege Tank, Orbital Command  
  38  4:34  Barracks  
  38  4:35  Barracks  
  41  4:44  SCV  
  39  4:48  Banshee  
  39  4:50  Marine x2  
  42  4:56  SCV  
  42  4:58  Engineering Bay  
  43  5:00  SCV  
  44  5:08  SCV  
  44  5:12  SCV  
  46  5:20  SCV  
  47  5:22  Barracks Tech Lab, Siege Tank  
  47  5:23  Barracks Tech Lab  
  47  5:24  SCV  
  51  5:35  Marine  
  51  5:36  Marine  
  51  5:40  SCV x2  
  55  5:42  Refinery  
  55  5:43  Supply Depot, Combat Shields  
  55  5:44  Starport Reactor, Marine, Stimpack  
  55  5:49  Marine  
  56  5:52  SCV x2  
  56  5:55  Marine  
  60  6:03  Marine  
  60  6:04  Marine  
  62  6:05  Terran Infantry Weapons Level 1, SCV x2  
  62  6:09  Supply Depot  
  62  6:10  Marine  
  65  6:13  Marine  
  65  6:17  SCV  
  65  6:18  SCV  
  68  6:21  Marine x2  
  70  6:30  Marine, Medivac x2  
  76  6:33  Refinery  
  72  6:40  Marine x3  
  72  6:47  Supply Depot  
  75  6:48  Supply Depot, Marine  
  75  6:54  Command Center  
  76  6:55  SCV x2  
  78  7:08  Marine x4, Medivac, SCV x2  
  86  7:09  Siege Tank  
  86  7:10  Supply Depot  
  89  7:20  SCV x2  
  89  7:22  Supply Depot, Barracks  
  88  7:24  Barracks  
  88  7:26  Marine  
  89  7:30  Marine  
  89  7:31  Marine  
  89  7:32  Marine  
  92  7:39  Engineering Bay  
  92  7:43  Marine, Armory  
  93  7:48  Marine x2  
Tags
 
Add a new tag
Caveats
  • Supply blocks, unpowered buildings, or Contaminate may cause inaccurate times.
  • Supply counts are checked every 10 seconds.